 Dungeon Crawl Stone Soup version 0.27.1 (webtiles) character file.

Game seed: 16443623369921183366

28529 ZARRMARR the Brawler (level 13, -3/103 HPs)
             Began as a Ghoul Monk on Aug 25, 2021.
             Was the Champion of Makhleb.
             Slain by an orc warrior (13 damage)
             ... on level 2 of the Orcish Mines.
             The game lasted 01:36:45 (21364 turns).

ZARRMARR the Brawler (Ghoul Monk)                  Turns: 21364, Time: 01:36:46

Health: -3/103     AC: 12    Str: 20    XL:     13   Next: 39%
Magic:  21/21      EV: 14    Int:  5    God:    Makhleb [******]
Gold:   777        SH:  5    Dex: 11    Spells: 12/12 levels left

rFire    . . .     SeeInvis +     - Unarmed
rCold    + . .     Faith    .   (no shield)
rNeg     + + +     Spirit   .   G - +3 scale mail
rPois    ∞         Reflect  +   o - +1 helmet
rElec    +         Harm     .   c - +0 cloak
rCorr    .         Rampage  .   (no gloves)
Will     .....                  (no boots)
Stlth    ..........             l - amulet of reflection
HPRegen  0.00/turn              y - ring of see invisible
MPRegen  0.17/turn              E - ring "Fatysh" {rElec rN+ EV+4 Stlth-}

@: about to teleport, inhibited regen, studying 3 skills
A: claws 1, cold resistance 1, negative energy resistance 3, inhibited
regeneration, torment resistance 2
a: Renounce Religion, Minor Destruction, Lesser Servant of Makhleb, Major
Destruction, Greater Servant of Makhleb


You were on level 2 of the Orcish Mines.
You worshipped Makhleb.
Makhleb was exalted by your worship.
You visited 4 branches of the dungeon, and saw 17 of its levels.
You also visited: Bailey.

You collected 1453 gold pieces.
You spent 676 gold pieces at shops.

Inventory:

Hand Weapons
 N - a +0 mace
Missiles
 a - 64 poisoned darts
 u - 8 boomerangs (quivered)
 O - a throwing net
Armour
 c - a +0 cloak (worn)
 o - a +1 helmet (worn)
 G - a +3 scale mail (worn)
 J - +0 steam dragon scales
 M - a +0 troll leather armour
Jewellery
 l - an amulet of reflection (around neck)
 y - a ring of see invisible (left claw)
 E - the ring "Fatysh" (right claw) {rElec rN+ EV+4 Stlth-}
   (You found it on level 9 of the Dungeon)

   [ring of evasion]

   EV:        It affects your evasion (+4).
   rElec:     It insulates you from electricity.
   rN:        It protects you from negative energy.
   Stlth:     It makes you less stealthy.
 K - a ring of willpower
Wands
 b - a wand of iceblast (8)
 t - a wand of polymorph (4)
 z - a wand of flame (21)
 C - a wand of digging (10)
Scrolls
 f - a scroll of silence
 h - 5 scrolls of teleportation
 j - a scroll of torment
 m - 2 scrolls of holy word
 n - 5 scrolls of enchant weapon
 q - 3 scrolls of vulnerability
 s - 2 scrolls of amnesia
 v - 2 scrolls of fog
 w - a scroll of magic mapping
 A - a scroll of immolation
 F - 5 scrolls of enchant armour
 H - a scroll of brand weapon
Potions
 e - a potion of attraction {unknown}
 g - a potion of resistance {unknown}
 i - 2 potions of mutation {unknown}
 k - 2 potions of curing
 r - 2 potions of flight {unknown}
 x - 2 potions of brilliance {unknown}
 I - a potion of might {unknown}
 L - a potion of invisibility {unknown}


   Skills:
 - Level 6.5 Fighting
 + Level 10.1 Maces & Flails
 - Level 1.5 Throwing
 - Level 2.6 Dodging
 - Level 2.2 Stealth
 - Level 0.1 Shields
 - Level 15.7 Unarmed Combat
 - Level 12.3 Invocations


You had 12 spell levels left.
You didn't know any spells.
Your spell library contained the following spells:

 Spells                   Type           Power      Damage    Failure   Level
 Sandblast                Erth           0%         2d4       85%         1
 Summon Small Mammal      Summ           0%         N/A       85%         1
 Passwall                 Tmut/Erth      0%         N/A       94%         2
 Call Canine Familiar     Summ           0%         N/A       99%         3
 Gell's Gravitas          Tloc           0%         N/A       99%         3
 Portal Projectile        Hex/Tloc       0%         N/A       99%         3
 Summon Guardian Golem    Hex/Summ       0%         N/A       99%         3
 Teleport Other           Tloc           0%         N/A       99%         3
 Leda's Liquefaction      Hex/Erth       0%         N/A       100%        4
 Lee's Rapid Deconstruct  Erth           0%         3d5*      100%        5
 Dispersal                Tloc           0%         N/A       100%        6
 Beastly Appendage        Tmut           Unusable   N/A       N/A         1
 Wereblood                Tmut           Unusable   N/A       N/A         2
 Spider Form              Tmut/Pois      Unusable   N/A       N/A         3

Dungeon Overview and Level Annotations

Branches:
Dungeon (13/15)            Temple (1/1) D:4            Lair (1/6) D:11
    Orc (2/2) D:12            Elf (0/3) Orc:2        Bailey (visited)
 Vaults: D:13-14

Altars:
Ashenzari
Cheibriados
Elyvilon
Fedhas
Gozag
Hepliaklqana
Kikubaaqudgha
Makhleb
Nemelex Xobeh
Okawaru
Sif Muna
Trog
Uskayaw
Vehumet
Wu Jian
Xom
Yredelemnul
Zin
The Shining One
Beogh

Shops:
D:12 ?   D:13 !:   Orc:2 (!*(*

Portals:
Trove: D:11 (show slimy rune of Zot)


Innate Abilities, Weirdness & Mutations

You thrive by killing the living.
You are immune to poison.
You have sharp fingernails.
Your flesh is cold resistant. (rC+)
You are immune to negative energy. (rN+++)
You do not regenerate when monsters are visible.
You are immune to unholy pain and torment.


Message History

The orc warrior is severely wounded.
The orc warrior hits you but does no damage.
You block the orc warrior's attack.
You scratch the orc warrior but do no damage.
The orc warrior is severely wounded.
The orc warrior misses you. The orc warrior barely misses you.
The orc warrior closely misses you.
You barely miss the orc warrior.
The orc warrior is severely wounded.
The orc warrior closely misses you.
The orc warrior hits you with a +0 hand axe.
You scratch the orc warrior.
The orc warrior is almost dead.
You block the orc warrior's attack.
The orc warrior hits you but does no damage.
You barely miss the orc warrior.
The orc warrior is almost dead.
The orc warrior hits you with a +0 hand axe.
The orc warrior hits you with a +0 hand axe!
You scratch the orc warrior but do no damage.
The orc warrior is almost dead.
The orc warrior closely misses you. x3
You claw the orc warrior!
You kill the orc warrior!
Makhleb accepts your kill.
You feel better.
The orc warrior hits you with a +0 hand axe!
You scratch the orc warrior but do no damage.
The orc warrior hits you with a +0 hand axe!
You closely miss the orc warrior. The orc warrior barely misses you.
The orc warrior hits you with a +0 hand axe!
* * * LOW HITPOINT WARNING * * *
You scratch the orc warrior.
The orc warrior is lightly wounded.
The orc warrior hits you with a +0 hand axe!
* * * LOW HITPOINT WARNING * * *
As you read the scroll of teleportation, it crumbles to dust.
You feel strangely unstable. The orc warrior closely misses you. x2
The orc warrior hits you with a +0 hand axe!
You die...

###### ##.##.## #......#
##.##.## ##.#### ### #...##
##.# #....## ### #...
##....#####.######..
##)@[.#.#....#.####.
#.)oo....[..#....#..
#.)[..#...[.........
#####....#..............
##.#.#...#....######...##
#.....#......##..........
##..........##...........
#####.........#......#####.
##.##..........#.......#.#..


You could see 2 orc warriors.

Vanquished Creatures
  Kirke (D:11)
  A boulder beetle (D:11)
  Erica (D:8)
  A two-headed ogre (D:11)
  6 orc high priests
  An orc knight (Bailey)
  3 orc sorcerers
  7 cyclopes
  A manticore (D:12)
  Maurice (D:9)
  4 trolls
  A hornet (D:8)
  Grinder (D:6)
  A shadow (D:10)
  30 yaks
  3 wraiths
  A wyvern (D:7)
  2 steam dragons
  3 hogs (D:11)
  2 vampire mosquitoes (D:11)
  5 wargs
  2 acid dragons
  2 water moccasins
  30 orc warriors
  2 sky beasts (D:7)
  A hornet zombie (D:7)
  3 ogres
  5 centaurs
  2 kobold brigands
  6 scorpions
  2 bullfrogs
  A gnoll sergeant (D:9)
  14 killer bees (D:10)
  17 wights
  2 howler monkeys
  6 electric eels
  3 centaur zombies
  2 bullfrog zombies
  A centaur skeleton (D:6)
  A jelly (D:5)
  20 orc priests
  A bullfrog skeleton (D:5)
  3 hounds
  Natasha (twice) (D:4)
  5 iguanas
  23 orc wizards
  A howler monkey zombie (D:7)
  13 gnolls
  5 adders
  2 shadow imps
  4 white imps
  An adder skeleton (D:4)
  3 worms
  6 dart slugs
  61 orcs
  2 bat zombies (D:11)
  4 endoplasms
  4 giant cockroaches
  20 goblins
  15 hobgoblins
  11 jackals
  5 ball pythons
  3 bats
  2 frilled lizards
  14 kobolds
  A quokka skeleton (D:4)
  11 rats
  2 rat zombies (D:11)
422 creatures vanquished.

Vanquished Creatures (others)
  An orc wizard (D:8)
  9 fungi (D:3)
10 creatures vanquished.

Grand Total: 432 creatures vanquished

Notes
Turn   | Place    | Note
-------+----------+-------------------------------------------
     0 | D:1      | ZARRMARR the Ghoul Monk began the quest for the Orb.
     0 | D:1      | Reached XP level 1. HP: 19/19 MP: 0/0
   214 | D:1      | Reached XP level 2. HP: 26/26 MP: 1/1
   689 | D:1      | Reached skill level 4 in Unarmed Combat
   725 | D:1      | Reached XP level 3. HP: 32/33 MP: 2/2
  1151 | D:1      | Found a faded altar of an unknown god.
  1659 | D:2      | Reached XP level 4. HP: 40/40 MP: 3/3
  2305 | D:3      | Reached skill level 5 in Unarmed Combat
  2334 | D:3      | Reached XP level 5. HP: 27/46 MP: 4/4
  2556 | D:3      | Found an ornate altar of the Wu Jian Council.
  2675 | D:3      | Found a burning altar of Makhleb.
  2771 | D:3      | Reached skill level 6 in Unarmed Combat
  3226 | D:4      | Found a staircase to the Ecumenical Temple.
  3247 | Temple   | Entered the Ecumenical Temple
  3391 | D:3      | Became a worshipper of Makhleb the Destroyer
  3391 | D:3      | Reached * piety under Makhleb
  3391 | D:3      | Reached ** piety under Makhleb
  3678 | D:4      | Found a basalt altar of Yredelemnul.
  3921 | D:4      | Noticed Natasha
  3948 | D:4      | Killed Natasha
  3949 | D:4      | Reached XP level 6. HP: 27/52 MP: 5/5
  3950 | D:4      | Reached skill level 1 in Invocations
  4464 | D:4      | Noticed Natasha
  4484 | D:4      | Killed Natasha
  4613 | D:5      | Entered Level 5 of the Dungeon
  4634 | D:5      | Reached skill level 7 in Unarmed Combat
  4677 | D:5      | Noticed a water moccasin
  4701 | D:5      | Killed a water moccasin
  4702 | D:5      | Reached XP level 7. HP: 21/60 MP: 7/7
  4716 | D:5      | Reached skill level 8 in Unarmed Combat
  5384 | D:5      | Reached XP level 8. HP: 67/67 MP: 9/9
  5391 | D:5      | Reached skill level 9 in Unarmed Combat
  6266 | D:6      | Reached skill level 5 in Invocations
  6443 | D:6      | Noticed Grinder
  6454 | D:6      | Killed Grinder
  6454 | D:6      | Reached *** piety under Makhleb
  6455 | D:6      | Reached skill level 10 in Unarmed Combat
  6796 | D:6      | Noticed an angel
  6832 | D:6      | Reached XP level 9. HP: 73/73 MP: 12/12
  7029 | D:7      | Reached skill level 5 in Fighting
  7029 | D:7      | Reached skill level 11 in Unarmed Combat
  7741 | D:7      | Found a blossoming altar of Fedhas.
  8166 | D:7      | Reached skill level 12 in Unarmed Combat
  8515 | D:8      | Reached XP level 10. HP: 81/81 MP: 14/14
  8551 | D:8      | Reached **** piety under Makhleb
  8841 | D:8      | Found a hide-covered altar of Uskayaw.
  8966 | D:8      | Identified the ring of Ileitat {rPois Int+6}
  9015 | D:8      | Found a sparkling altar of Nemelex Xobeh.
  9046 | D:8      | Found an ancient bone altar of Kikubaaqudgha.
  9188 | D:8      | Noticed Erica
  9203 | D:8      | Killed Erica
  9204 | D:8      | Reached skill level 13 in Unarmed Combat
  9503 | D:9      | Identified the ring "Fatysh" {rElec rN+ EV+4 Stlth-}
  9512 | D:9      | Noticed Maurice
  9535 | D:9      | Killed Maurice
  9592 | D:9      | Found a flagged portal.
  9622 | Bailey   | Entered a bailey
  9837 | Bailey   | Found an iron altar of Okawaru.
  9837 | Bailey   | Noticed an orc high priest
  9837 | Bailey   | Noticed an orc sorcerer
  9847 | Bailey   | Noticed a rust devil
  9847 | Bailey   | Killed an orc high priest
  9848 | Bailey   | Reached skill level 14 in Unarmed Combat
  9848 | Bailey   | Reached XP level 11. HP: 76/89 MP: 17/17
  9851 | Bailey   | Killed an orc sorcerer
 10001 | Bailey   | Noticed an orc knight
 10027 | Bailey   | Killed an orc knight
 10889 | Bailey   | Reached ***** piety under Makhleb
 10956 | Bailey   | Acquired a manual of Hexes
 11065 | D:9      | Reached skill level 10 in Invocations
 11437 | D:9      | Reached skill level 15 in Unarmed Combat
 11952 | D:10     | Entered Level 10 of the Dungeon
 13266 | D:11     | Noticed a two-headed ogre
 13279 | D:11     | Killed a two-headed ogre
 13398 | D:11     | Noticed a cyclops
 13410 | D:11     | Killed a cyclops
 13411 | D:11     | Reached XP level 12. HP: 77/97 MP: 19/19
 13630 | D:11     | Found a staircase to the Lair.
 14158 | D:11     | Found a portal to a secret trove of treasure.
 14333 | D:11     | Identified the +0 chain mail of Shielding {Str+4 Int-3}
 14382 | D:11     | Found an ancient bone altar of Kikubaaqudgha.
 14652 | Lair:1   | Entered Level 1 of the Lair of Beasts
 14659 | Lair:1   | Noticed a seven-headed hydra
 15000 | D:12     | Noticed a boulder beetle
 15025 | D:11     | HP: 1/97 [boulder beetle (6)]
 15676 | D:11     | Found a portal to a secret trove of treasure.
 15782 | D:11     | Killed a boulder beetle
 16090 | D:11     | Found a staircase to the Lair.
 16175 | D:11     | Found an ancient bone altar of Kikubaaqudgha.
 16419 | D:12     | Noticed Kirke
 16831 | D:11     | Noticed a sphinx
 16833 | D:11     | Killed Kirke
 17087 | D:11     | Reached skill level 5 in Maces & Flails
 17503 | D:12     | Found Rohuzune's Magic Scroll Boutique.
 17806 | D:12     | Found a staircase to the Orcish Mines.
 18062 | D:12     | Bought a scroll of acquirement for 676 gold pieces
 18062 | D:12     | Acquired a manual of Earth Magic
 18495 | D:13     | Found Fayschics's Book Emporium.
 18528 | D:13     | Found Miaroujat's Distillery.
 18621 | D:13     | Noticed a boulder beetle
 18647 | D:13     | HP: 1/97 [boulder beetle (22)]
 19071 | Orc:1    | Entered Level 1 of the Orcish Mines
 19081 | D:12     | Reached skill level 1 in Throwing
 19116 | D:12     | Reached XP level 13. HP: 84/103 MP: 21/21
 19471 | Orc:2    | Entered Level 2 of the Orcish Mines
 20069 | Orc:2    | Found a staircase to the Elven Halls.
 20070 | Orc:2    | Found Igiz's Weapon Boutique.
 20712 | Orc:2    | Found Veuj Null's Antique Weapon Emporium.
 20712 | Orc:2    | Found Gezyfim's General Store.
 20713 | Orc:2    | Found Pousid's General Store.
 20717 | Orc:2    | Found Joupradgh's Distillery.
 21136 | Orc:2    | Reached ****** piety under Makhleb
 21326 | Orc:1    | Reached skill level 10 in Maces & Flails
 21364 | Orc:2    | Slain by an orc warrior

Illustrated notes

Levels and vault maps discovered:
D:1:      dpeg_arrival_ratfight, layout_basic, ebering_ecumenical_altar_ruins
D:2:      wander_river, layout_basic, hex_tiny, chequers_decorated_corner
D:3:      layout_basic, mainiacjoe_overflow_six_doors_small,
          mainiacjoe_overflow_chevrons
D:4:      layout_layer_cave, yredelemnul_altar_generic, temple_statues,
          uniq_natasha
D:5:      layout_basic, serial_co_window_serial, co_window_corner_a,
          co_window_paths_b, co_window_paths_a, co_window_paths_b,
          co_window_paths_a, co_window_paths_b, co_window_of_opportunity_c,
          co_window_unsneaky_path_b, co_window_cross_3, co_window_corner_b,
          glass_columns_b, glass_columns_b, kennysheep_generic_room_5
D:6:      layout_cave_pools, zin_angel, uniq_grinder
D:7:      layout_gridville, tso_oasis_becter, fedhas_altar_2, st_stairs_1
D:8:      layout_basic, nicolae_uskayaw_dance_hall,
          mainiacjoe_overflow_large_starburst, minivault_23, uniq_erica
D:9:      layout_irregular_city, enter_bailey_3, minmay_diced_spiral,
          uniq_maurice
D:10:     mumra_celtic_spiral_tile, layout_long_grid
D:11:     layout_irregular_city, erik_lair_orcish_takeover, enter_trove_0,
          lemuel_zombie_altar_kikubaaqudgha
D:12:     layout_big_octagon, david_orc_1_choice, serial_shops,
          nicolae_shop_waterfront, uniq_kirke
D:13:     layout_basic, serial_shops, shop_fountains, nicolae_take_the_stairs,
          shop, shop
Temple:   oiseaux_autumnal_temple
Lair:1:   layout_chaotic_city, minmay_lair_oklob_chamber, grunt_megastairs_5,
          infiniplex_staircase_pool
Orc:1:    layout_caves
Orc:2:    st_orc_mages, layout_caves, serial_shops, nicolae_diamond_shop,
          bh_open_orc_temple

Skill      XL: |  1  2  3  4  5  6  7  8  9 10 11 12 13 |
---------------+----------------------------------------+-----
Unarmed Combat | 4 5 6 7 8 10 12 14 15 | 15.7
Fighting       | 4 5 6 |  6.5
Invocations    | 2 3 5 7 9 11 12 | 12.3
Maces & Flails | 7 10 | 10.1
Throwing       | 1 |  1.5
Dodging        | |  2.6
Stealth        | |  2.2
Shields        | |  0.1

Action                   |  1- 3 |  4- 6 |  7- 9 | 10-12 | 13-15 || total
-------------------------+-------+-------+-------+-------+-------++-------
Melee: Unarmed           |   101 |   204 |   250 |   686 |   181 ||  1422
       Punch             |       |     4 |     9 |    34 |    11 ||    58
       Mace              |       |       |       |    19 |       ||    19
Throw: Boomerang         |       |       |    16 |   130 |    43 ||   189
       Dart              |       |       |       |     7 |       ||     7
Invok: Minor Destruction |       |       |    28 |   138 |    88 ||   254
       Greater Servant o |       |       |       |     1 |       ||     1
       Major Destruction |       |       |       |       |     6 ||     6
  Use: Scroll            |     1 |     7 |     3 |    18 |     2 ||    31
       Potion            |       |       |       |     5 |       ||     5
 Stab: Sleeping          |     3 |       |       |       |       ||     3
       Distracted        |     1 |       |       |       |       ||     1
Armor: Robe              |    14 |       |       |       |       ||    14
       Chain mail        |       |   120 |   100 |    58 |       ||   278
       Scale mail        |       |       |       |   139 |    60 ||   199
Dodge: Dodged            |    49 |    54 |    61 |   390 |   109 ||   663
Block: Other             |       |    43 |    53 |   143 |    42 ||   281
       Reflection        |       |       |     2 |     4 |       ||     6
